 Dungeon Crawl Stone Soup version 0.31-a0-246-g8cbcc1cb85 (webtiles) character file.

Game seed: 14117968515350191455

436 HallandMoats the Trooper (level 6, -1/51 HPs)
             Began as a Demonspawn Fighter on July 12, 2023.
             Was an Initiate of Qazlal.
             Slain by Edmund
             ... wielding a +5 dire flail of holy wrath
              (7 damage)
             ... on level 4 of the Dungeon.
             The game lasted 00:07:31 (3646 turns).

HallandMoats the Trooper (Demonspawn Fighter)       Turns: 3646, Time: 00:07:32

Health: -1/51      AC: 11    Str: 18    XL:     6   Next: 69%
Magic:  7/7        EV: 11    Int:  9    God:    Qazlal [......]
Gold:   192        SH:  9    Dex: 13    Spells: 5/5 levels left

rFire   . .          .
                       - Unarmed
rCold   . . .        c - +0 buckler
rNeg    + . .        b - +0 scale mail
rPois   .            (no helmet)
rElec   .            j - +1 cloak {rCorr}
rCorr   +            (no gloves)
SInv    .            n - +2 pair of boots
Will    .....        (no amulet) Stlth
                     q - ring of positive energy
HPRegen 0.28/turn    (no ring)
MPRegen 0.10/turn

%: no passive effects
@: no status effects
A: claws 1, repulsion field 1, spiny 1, condensation shield
a: Renounce Religion


You were on level 4 of the Dungeon.
You worshipped Qazlal.
Qazlal was noncommittal.
You visited 1 branch of the dungeon, and saw 4 of its levels.

You collected 192 gold pieces.

Inventory:

Hand Weapons
 a - a +0 war axe
Armour
 b - a +0 scale mail (worn)
 c - a +0 buckler (worn)
 j - a +1 cloak of preservation (worn)
 n - a +2 pair of boots (worn)
Jewellery
 m - an amulet of magic regeneration
 q - a ring of positive energy (left claw)
Scrolls
 e - 4 scrolls of teleportation
 f - 2 scrolls of poison
 g - 2 scrolls of fog
 k - a scroll of revelation
Potions
 h - a potion of curing {unknown}
 i - 2 potions of attraction {unknown}
 o - a potion of lignification {unknown}
 p - a potion of resistance {unknown}
 r - a potion of degeneration {unknown}


   Skills:
 * Level 5.2 Fighting
 - Level 2.1 Axes
 - Level 2.6 Armour
 + Level 3.8 Shields
 * Level 3.5 Unarmed Combat
 + Level 1.5 Invocations


You had 5 spell levels left.
You didn't know any spells.
Your spell library contained the following spells:

 Spells                   Type           Power      Damage    Failure   Level
 Shock                    Conj/Air       0%         1d3       86%         1
 Sublimation of Blood     Necr           0%         N/A       94%         2
 Wereblood                Tmut           0%         N/A       94%         2
 Portal Projectile        Hex/Tloc       0%         N/A       99%         3
 Swiftness                Air            0%         N/A       99%         3
 Tukima's Dance           Hex            0%         N/A       99%         3
 Airstrike                Air            0%         2d(0-16)  100%        4
 Iskenderun's Mystic Bla  Conj/Tloc      0%         2d3       100%        4
 Summon Hydra             Summ           0%         N/A       100%        7


Dungeon Overview and Level Annotations

Branches:
Dungeon (4/15)             Temple (0/1) D:4

Altars:
Qazlal

Annotations:
D:4 Edmund


Innate Abilities, Weirdness & Mutations

You have sharp fingernails.
You are surrounded by a mild repulsion field. (EV +2)
You are partially covered in sharp spines.
A meltable shield of frost defends you. (SH +4)


Message History

Edmund is heavily wounded.
Edmund barely misses you.
You feel much better. You block Edmund's attack.
The dart slug launches a dart at you. The slug dart misses you.
You scratch Edmund but do no damage.
Edmund is heavily wounded.
You block Edmund's attack. The dart slug launches a dart at you.
The slug dart misses you.
You barely miss Edmund.
Edmund is heavily wounded.
You block Edmund's attack.
You scratch Edmund but do no damage.
Edmund is heavily wounded.
The dart slug launches a dart at you.
The slug dart hits you but does no damage.
Edmund hits you but does no damage.
You closely miss Edmund.
Edmund is heavily wounded.
You block Edmund's attack. The dart slug is struck by your spines.
The dart slug barely misses you.
You scratch Edmund but do no damage.
Edmund is heavily wounded.
Edmund hits you with a +5 dire flail of holy wrath.
You convulse.
You claw Edmund!
Edmund is severely wounded.
The dart slug bites you but does no damage.
You block Edmund's attack.
You scratch Edmund.
Edmund is severely wounded.
Edmund hits you with a +5 dire flail of holy wrath!
You convulse.
You block the dart slug's attack.
You scratch Edmund but do no damage.
Edmund is severely wounded.
Edmund hits you with a +5 dire flail of holy wrath!
* * * LOW HITPOINT WARNING * * *
You convulse!
You die...

,,,,,,,,,...#...#...#...,*,,,,,*
,,,,,,,,,...###'###.####'*,,,,***
*********.........#.##..,,,*,,,,*
*,,,,*.........#..#..,,,*,,,**
*,,,,*.........'..#..,,,*,,,*
*,,,,+.........#..#..,,,*,,,*
*********.........####...,,******
,,,,,,,,,#+###..w........,,......
,,,,,,,,,#...#..@........,,......
,,,,,,,,,#...#...@.......,,......
,,,,,,,,,#...#...........,,......
,,,,,,,,,#...#...........,,......
,,,,,,,,,#...#...........,,......
,,,,,,,,,#..##.......>...,,......
*+***,,,,#..#############*'***+##
*,,,+,,,,*,,,,,,,,,,,,,*,,,,,,,#.
*,,,*,,,,*,,,,,,,,,,,,,',,,,,,,#.


You could see Edmund and a dart slug.

Vanquished Creatures
  Duvessa (D:4)
  An ice beast (D:2)
  Dowan (D:4)
  Crazy Yiuf (D:3)
  An iguana (D:3)
  3 gnolls
  2 adders
  2 worms (D:2)
  3 dart slugs
  2 orcs (D:3)
  8 bats
  8 endoplasms
  A giant cockroach (D:2)
  11 goblins
  10 hobgoblins
  3 jackals (D:1)
  5 quokkas
  8 ball pythons
  3 frilled lizards
  10 kobolds
  3 rats (D:1)
87 creatures vanquished.

Notes
Turn   | Place    | Note
-------+----------+-------------------------------------------
     0 | D:1      | HallandMoats the Demonspawn Fighter began the quest for the
                  | Orb.
     0 | D:1      | Reached XP level 1. HP: 18/18 MP: 1/1
   124 | D:1      | Gained mutation: You have sharp fingernails. [demonic
                  | ancestry]
   124 | D:1      | Reached XP level 2. HP: 24/24 MP: 2/2
   570 | D:1      | Gained mutation: A meltable shield of frost defends you.
                  | (SH +4) [demonic ancestry]
   570 | D:1      | Reached XP level 3. HP: 16/29 MP: 3/3
   639 | D:1      | Reached skill level 1 in Unarmed Combat
  1370 | D:2      | Gained mutation: You are partially covered in sharp spines.
                  | [demonic ancestry]
  1370 | D:2      | Reached XP level 4. HP: 26/37 MP: 4/4
  2062 | D:3      | Noticed an ice beast
  2082 | D:2      | Killed an ice beast
  2083 | D:2      | Reached skill level 4 in Fighting
  2083 | D:2      | Gained mutation: You are surrounded by a mild repulsion
                  | field. (EV +2) [demonic ancestry]
  2083 | D:2      | Reached XP level 5. HP: 29/43 MP: 5/5
  2206 | D:3      | Found a runed translucent door.
  2207 | D:3      | Noticed Crazy Yiuf
  2241 | D:3      | Found a stormy altar of Qazlal.
  2870 | D:3      | Became a worshipper of Qazlal Stormbringer
  2987 | D:3      | Killed Crazy Yiuf
  2988 | D:3      | Reached XP level 6. HP: 37/50 MP: 6/6
  3065 | D:4      | Noticed Duvessa
  3065 | D:4      | Noticed Dowan
  3154 | D:4      | Killed Dowan
  3155 | D:4      | Reached skill level 5 in Fighting
  3155 | D:4      | Killed Duvessa
  3156 | D:4      | Reached skill level 1 in Invocations
  3414 | D:4      | Found a staircase to the Ecumenical Temple.
  3528 | D:4      | Noticed Edmund
  3630 | D:4      | HP: 1/51 [Edmund/+5 dire flail of holy wrath (7)]
  3646 | D:4      | Slain by Edmund

Illustrated notes

Levels and vault maps discovered:
D:1:      moated_graveyard_arrival, layout_basic,
          chequers_serial_rivers_small_a, skrybe_limestone_x
D:2:      layout_basic
D:3:      layout_basic, nicolae_qazlal_scattered_showers, lemuel_crystal_altar,
          uniq_crazy_yiuf_cottage
D:4:      layout_gridville, led_sif_pool, minmay_temple_entry_nine_rooms,
          nicolae_ossuary_entry_monument, uniq_edmund, uniq_duvessa,
          uniq_eustachio

Skill      XL: |  1  2  3  4  5  6 |
---------------+-------------------+-----
Axes           | 2 |  2.1
Unarmed Combat | 1 2 3 |  3.5
Shields        | 3 |  3.8
Fighting       | 4 5 |  5.2
Invocations    | 1 |  1.5
Armour         | |  2.6

Action                     |  1- 3 |  4- 6 || total
---------------------------+-------+-------++-------
  Melee: War axe           |    12 |       ||    12
         Unarmed           |   170 |   162 ||   332
    Use: Potion            |       |     4 ||     4
         Scroll            |       |    10 ||    10
 Armour: Scale mail        |   108 |    38 ||   146
  Dodge: Dodged            |   113 |    61 ||   174
  Block: Buckler           |    63 |    72 ||   135

Table legend: (Time is in decaauts)
 A = Elapsed time spent in this place.
 B = Non-inter-level travel time spent in this place.
 C = Inter-level travel time spent in this place.
 D = Time resting spent in this place.
 E = Time spent auto-exploring this place.
 F = Levels seen in this place.
 G = Mean time per level.
                   A        B        C        D        E       F      G
               +--------+--------+--------+--------+--------+-----+--------+
         Total |   3654 |   3538 |    116 |    122 |   2451 |   4 |  913.5 |
       Dungeon |   3654 |   3538 |    116 |    122 |   2451 |   4 |  913.5 |
               +--------+--------+--------+--------+--------+-----+--------+

Top non-repeatable levels by time:
     D:2: 1111 daAuts
     D:3: 1033 daAuts
     D:1: 985 daAuts
     D:4: 523 daAuts
